 Dungeon Crawl Stone Soup version 0.21.1-1-g345015fe64 (webtiles) character file.

34249 Tilo the Fighter (level 13, 0/114 HPs)
             Began as a Demonspawn Fighter on Feb 14, 2018.
             Was a High Priest of Yredelemnul.
             Slain by a sixfirhy (8 damage)
             ... on level 1 of the Abyss.
             The game lasted 01:38:30 (16002 turns).

Tilo the Fighter (Demonspawn Fighter)              Turns: 16002, Time: 01:38:31

Health: 0/114      AC: 22    Str: 21    XL:     13   Next: 41%
Magic:  0/22       EV:  7    Int: 10    God:    Yredelemnul [*****.]
Gold:   778        SH:  0    Dex: 13    Spells: 12/12 levels left

rFire    . . .     SeeInvis +   U - +7 halberd (freeze)
rCold    . . .     Gourm    .   (shield currently unavailable)
rNeg     . . .     Faith    .   t - +0 plate armour
rPois    .         Spirit   +   F - +0 hat {SInv}
rElec    .         Reflect  .   l - +0 cloak
rCorr    .         Harm     .   g - +0 pair of gloves
MR       .....                  Y - +1 pair of boots
Stlth    ..........             V - amulet of regeneration
HPRegen  0.69/turn              e - ring of stealth
MPRegen  0.36/turn              p - +3 ring of slaying

@: about to teleport, studying Fire Magic
A: antennae 2, molten scales 2, demonic guardian 2, magic shield, magic
regeneration, magic link
a: Recall Undead Slaves, Injury Mirror, Animate Dead, Drain Life, Enslave Soul,
Renounce Religion


You were on level 1 of the Abyss.
You worshipped Yredelemnul.
Yredelemnul was extremely pleased with you.
You were not hungry.

You visited 1 branch of the dungeon, and saw 15 of its levels.
You visited the Abyss 1 time.

You collected 1036 gold pieces.
You spent 258 gold pieces at shops.

Inventory:

Hand Weapons
 U - a +7 halberd of freezing (weapon)
Missiles
 j - 488 stones (quivered)
 J - 15 tomahawks
Armour
 c - a cursed +0 shield
 g - a +0 pair of gloves (worn)
 l - a +0 cloak (worn)
 t - a +0 plate armour (worn)
 F - a +0 hat of see invisible (worn)
 Y - a +1 pair of boots (worn)
Jewellery
 e - a ring of stealth (left hand)
 p - a +3 ring of slaying (right hand)
 u - a cursed amulet of guardian spirit {unknown}
 T - an uncursed ring of poison resistance
 V - an amulet of regeneration (around neck)
Wands
 r - a wand of iceblast (11)
 B - a wand of paralysis (41)
 N - a wand of digging (11)
 Q - a wand of enslavement (3)
 R - a wand of disintegration (20)
 W - a wand of flame (39)
Scrolls
 b - 8 scrolls of remove curse
 s - 5 scrolls of magic mapping
 v - 2 scrolls of fog
 w - 3 scrolls of noise
 A - 3 scrolls of blinking
 G - 4 scrolls of amnesia
 H - 4 scrolls of teleportation
Potions
 a - 3 potions of berserk rage {unknown}
 d - 2 potions of might
 h - 3 potions of flight
 i - 3 potions of lignification
 k - 5 potions of curing
 n - a potion of degeneration {unknown}
 o - a potion of resistance {unknown}
 x - a potion of heal wounds
 C - 3 potions of experience {unknown}
 K - a potion of agility {unknown}
 M - a potion of ambrosia {unknown}
 O - 4 potions of brilliance
 P - a potion of mutation {unknown}
 S - a potion of invisibility {unknown}
Books
 q - a book of Frost

   Spells                             Type                      Level
   a - Freeze                         Ice                          1
   b - Throw Frost                    Conjuration/Ice              2
   c - Ozocubu's Armour               Charms/Ice                   3
   d - Throw Icicle                   Conjuration/Ice              4
   e - Summon Ice Beast               Ice/Summoning                4
 D - Roxanne's Grimoire of the Mountains
   (You took it off Roxanne on level 14 of the Dungeon)

   Spells                             Type                      Level
   a - Sandblast                      Earth                        1
   b - Stone Arrow                    Conjuration/Earth            3
   c - Petrify                        Transmutation/Earth          4
   d - Borgnjor's Vile Clutch         Necromancy/Earth             5
   e - Statue Form                    Transmutation/Earth          6
 E - a book of Minor Magic

   Spells                             Type                      Level
   a - Magic Dart                     Conjuration                  1
   b - Blink                          Translocation                2
   c - Call Imp                       Summoning                    2
   d - Slow                           Hexes                        2
   e - Conjure Flame                  Conjuration/Fire             3
   f - Mephitic Cloud                 Conjuration/Poison/Air       3
 I - a book of Power

   Spells                             Type                      Level
   a - Iskenderun's Battlesphere      Conjuration/Charms           5
   b - Venom Bolt                     Conjuration/Poison           5
   c - Bolt of Magma                  Conjuration/Fire/Earth       5
   d - Iron Shot                      Conjuration/Earth            6
   e - Orb of Destruction             Conjuration                  7
   f - Spellforged Servitor           Conjuration/Summoning        7
 L - the Compendium of Sinister Transmutation
   (You found it on level 7 of the Dungeon)

   Spells                             Type                      Level
   a - Animate Skeleton               Necromancy                   1
   b - Beastly Appendage              Transmutation                1
   c - Sublimation of Blood           Necromancy                   2
   d - Bolt of Draining               Conjuration/Necromancy       5
   e - Blade Hands                    Transmutation                5
   f - Death Channel                  Necromancy                   6
 X - a manual of Fire Magic
Miscellaneous
 y - a lamp of fire
 z - a phial of floods
Comestibles
 f - 27 rations
 m - 2 chunks of flesh


   Skills:
 * Level 14.5 Fighting
 + Level 9.8 Polearms
 - Level 10.0 Armour
 + Level 1.3 Dodging
 - Level 2.6 Shields
 + Level 13.0 Invocations


You had 12 spell levels left.
You didn't know any spells.

Dungeon Overview and Level Annotations

Branches:
Dungeon (15/15)            Temple (0/1) D:5            Lair (0/6) D:9
    Orc (0/2) D:11         Vaults (0/5) D:13
 Depths: D:15

Altars:
Ashenzari
Fedhas
Gozag
Hepliaklqana
Kikubaaqudgha
Nemelex Xobeh
Okawaru
Ru
Sif Muna
Trog
Xom
Yredelemnul
The Shining One

Shops:
D:9 :   D:11 *


Innate Abilities, Weirdness & Mutations

You have a pair of antennae on your head.
You are mostly covered in molten scales. (AC +3)
A demonic guardian rushes to your aid.
When hurt, damage is shared between your health and your magic reserves.
You regenerate magic rapidly.
When low on magic, you restore magic in place of health.


Message History

Found a scroll of remove curse.
The naga mage points at you and mumbles some strange words.
The orb of energy hits you!
* * * LOW HITPOINT WARNING * * *
The sixfirhy hits you.
* * * LOW HITPOINT WARNING * * *
The sixfirhy shocks you!
* * * LOW HITPOINT WARNING * * *
The sixfirhy hits you but does no damage. x2
You feel much better.
The sixfirhy hits you but does no damage.
The sixfirhy hits you!
* * * LOW HITPOINT WARNING * * *
The sixfirhy shocks you!
* * * LOW HITPOINT WARNING * * *
The sixfirhy hits you!
* * * LOW HITPOINT WARNING * * *
The sixfirhy shocks you!
You die...
Your body rises from the dead as a mindless zombie.

#. ..#..# #.#. .# #
##.... #
#...#..#......... ##..
#..#..#..# # #.
#...#....... . #
#######...# # . .
#§.#.###{#{###..# ..
#..#...###{###N.###.#
...#..@3..##{{{.N3§. ..
# ##.....##....## ....
?.....§# .##.# ....
#....#...##.. #... .
...##.#.#.##....#.....#
..## #........ ... !..
. . .. .#.## ..........
## .. #.... . .# . # .
. . .


You could see a sixfirhy.

Vanquished Creatures
  Roxanne (D:14)
  A fire giant (D:10)
  An ogre mage (D:13)
  A rakshasa (D:15)
  A centaur warrior (D:14)
  6 two-headed ogres
  The ghost of Paulina the Jinx, a novice FoEn of Sif Muna (D:7)
  A skeletal warrior (D:13)
  A death drake (shapeshifter) (D:14)
  An unseen horror (D:13)
  An ugly thing (D:12)
  2 cyclopes
  A guardian serpent (Abyss:1)
  A merfolk (shapeshifter) (D:14)
  A tengu conjurer (D:15)
  A troll (D:10)
  2 hippogriffs
  Sigmund (D:5)
  A wyvern (D:14)
  A hungry ghost (D:11)
  13 yaks
  3 fire bats (D:10)
  A water moccasin (D:12)
  10 orc warriors
  4 sky beasts
  2 phantoms
  A boggart (D:13)
  A necrophage (D:8)
  5 ogres
  9 centaurs
  The ghost of hofbold the Sneak, an amateur OpEn (D:4)
  2 crocodiles
  2 big kobolds (D:8)
  5 bullfrogs
  A water moccasin zombie (D:10)
  3 scorpions
  8 wights
  3 killer bees (D:12)
  7 electric eels
  3 howler monkeys (D:14)
  2 centaur zombies
  6 crimson imps
  A jelly (D:11)
  2 bullfrog zombies
  5 centaur skeletons
  4 hounds
  5 orc priests
  7 orc wizards
  A bullfrog skeleton (D:13)
  6 iguanas
  7 worker ants
  A hound zombie (D:5)
  2 hound skeletons
  3 gnolls (D:4)
  13 adders
  5 shadow imps
  2 worms
  6 leopard geckos
  40 orcs
  2 giant cockroaches
  6 goblins
  4 hobgoblins
  2 jackals (D:6)
  A ball python (D:4)
  4 bats
  A frilled lizard (D:2)
  7 kobolds
  2 leopard gecko skeletons (D:4)
  7 rats
  2 plants
267 creatures vanquished.

Vanquished Creatures (collateral kills)
  Gastronok (D:8)
  2 hydras
  8 two-headed ogres
  A death knight (D:11)
  3 centaur warriors
  An ogre mage (D:15)
  A tengu warrior (D:15)
  The ghost of subsebi the Cleaver, a novice DsCK of Xom (D:8)
  An orc knight (D:11)
  A cyclops (D:12)
  2 manticores (D:13)
  2 centaur zombies
  Maurice (D:8)
  2 kobold demonologists
  A centaur skeleton (D:14)
  A tengu conjurer (D:13)
  2 hornets
  3 trolls
  2 dream sheep (D:8)
  2 hippogriffs
  12 yaks
  2 wyverns (D:11)
  A fire bat (D:10)
  A hungry ghost (D:14)
  A water moccasin (D:5)
  2 orc warriors (D:11)
  An ice beast (D:12)
  A phantom (D:5)
  3 sky beasts
  3 ogres
  9 centaurs
  4 big kobolds
  2 bullfrogs
  A wyvern skeleton (D:13)
  A scorpion (D:8)
  3 killer bees (D:12)
  4 wights
  An electric eel (D:10)
  2 crimson imps
  A hound (D:13)
  A bullfrog skeleton (D:10)
  3 jellies
  2 orc priests
  3 orc wizards
  2 iguanas
  2 worker ants
  An adder (D:12)
  10 orcs
  A giant cockroach (D:4)
  5 kobolds
  A quokka (D:12)
  A frilled lizard (D:5)
  A plant (D:10)
126 creatures vanquished.

Vanquished Creatures (others)
  A phantasmal warrior (D:13)
  A centaur skeleton (D:13)
  A guardian serpent zombie (Abyss:1)
  10 flying skulls
  A wraith (D:10)
  A vampire (D:13)
  A two-headed ogre zombie (D:11)
  A hornet zombie (D:11)
  A wyvern zombie (D:11)
  2 wights (D:8)
  10 yak zombies
  A bullfrog zombie (D:14)
  4 centaur zombies
  2 killer bee zombies (D:12)
  3 ogre zombies
  2 sky beast zombies
  A necrophage skeleton (D:8)
  A mummy (D:9)
  An iguana zombie (D:8)
  4 orc zombies
  A bush (D:15)
  2 fungi (D:15)
  A plant (D:6)
53 creatures vanquished.

Grand Total: 446 creatures vanquished

Notes
Turn   | Place    | Note
-------+----------+-------------------------------------------
     0 | D:1      | Tilo the Demonspawn Fighter began the quest for the Orb.
     0 | D:1      | Reached XP level 1. HP: 18/18 MP: 1/1
   873 | D:1      | Gained mutation: A weak demonic guardian rushes to your aid. [demonic ancestry]
   873 | D:1      | Reached XP level 2. HP: 24/24 MP: 2/2
  1189 | D:2      | Found a faded altar of an unknown god.
  1214 | D:2      | Gained mutation: When hurt, damage is shared between your health and your magic reserves. [demonic ancestry]
  1214 | D:2      | Reached XP level 3. HP: 27/30 MP: 3/3
  1277 | D:2      | Became a worshipper of Yredelemnul the Dark
  1277 | D:2      | Reached * piety under Yredelemnul
  1345 | D:2      | Found a sacrificial altar of Ru.
  1451 | D:2      | Reached skill level 4 in Fighting
  1846 | D:3      | Found a glowing golden altar of the Shining One.
  1846 | D:3      | Found a sparkling altar of Nemelex Xobeh.
  1957 | D:3      | Gained mutation: You regenerate magic rapidly. [demonic ancestry]
  1957 | D:3      | Reached XP level 4. HP: 29/37 MP: 4/4
  2547 | D:3      | Found a blossoming altar of Fedhas.
  2714 | D:4      | Noticed hofbold's ghost (amateur OpEn)
  2731 | D:4      | Killed hofbold's ghost
  2731 | D:4      | Reached skill level 1 in Invocations
  2791 | D:4      | Gained mutation: A demonic guardian rushes to your aid. [demonic ancestry]
  2791 | D:4      | Reached XP level 5. HP: 43/43 MP: 6/6
  2846 | D:4      | Reached ** piety under Yredelemnul
  3048 | D:4      | Noticed an ogre
  3049 | D:4      | Noticed an ogre
  3059 | D:4      | Killed an ogre
  3070 | D:4      | Reached skill level 5 in Fighting
  3075 | D:4      | Gained mutation: You are partially covered in molten scales. (AC +2) [demonic ancestry]
  3075 | D:4      | Reached XP level 6. HP: 28/51 MP: 5/7
  3895 | D:4      | Paralysed by an orc for 5 turns
  3967 | D:5      | Entered Level 5 of the Dungeon
  4030 | D:5      | Noticed a sky beast
  4034 | D:5      | Killed a sky beast
  4034 | D:5      | Gained mutation: You have a pair of small antennae on your head. [demonic ancestry]
  4034 | D:5      | Reached XP level 7. HP: 57/57 MP: 9/9
  4067 | D:5      | Reached skill level 6 in Fighting
  4173 | D:5      | Found a bloodstained altar of Trog.
  4219 | D:5      | Noticed Sigmund
  4224 | D:5      | Killed Sigmund
  4397 | D:5      | Found a staircase to the Ecumenical Temple.
  5020 | D:5      | Found a shimmering altar of Xom.
  5023 | D:5      | Found a hazy altar of Hepliaklqana.
  5023 | D:5      | Found a sparkling altar of Nemelex Xobeh.
  5030 | D:5      | Found an iron altar of Okawaru.
  5030 | D:5      | Found a shimmering altar of Xom.
  5030 | D:5      | Found an ancient bone altar of Kikubaaqudgha.
  5101 | D:6      | Gained mutation: You are mostly covered in molten scales. (AC +3) [demonic ancestry]
  5101 | D:6      | Reached XP level 8. HP: 54/65 MP: 8/11
  5218 | D:6      | Reached *** piety under Yredelemnul
  5222 | D:6      | Reached skill level 5 in Invocations
  5231 | D:6      | Reached skill level 7 in Fighting
  5590 | D:6      | Reached skill level 5 in Armour
  5670 | D:6      | Noticed a two-headed ogre
  5679 | D:6      | Killed a two-headed ogre
  5679 | D:6      | Reached skill level 8 in Fighting
  5962 | D:6      | Reached skill level 5 in Polearms
  6054 | D:6      | HP: 1/68 [electric eel/bolt of electricity (8)]
  6601 | D:6      | Reached XP level 9. HP: 27/74 MP: 5/13
  7103 | D:7      | Identified the Compendium of Sinister Transmutation
  7661 | D:7      | Noticed Paulina's ghost (novice FoEn)
  7678 | D:7      | Killed Paulina's ghost
  7717 | D:7      | Found an opulent altar of Gozag.
  7753 | D:7      | Reached skill level 9 in Fighting
  7753 | D:7      | Received a gift from Yredelemnul (a wight)
  7955 | D:7      | Found a basalt altar of Yredelemnul.
  8086 | D:8      | Noticed subsebi's ghost (novice DsCK)
  8098 | D:8      | Killed subsebi's ghost
  8128 | D:8      | Noticed Maurice
  8136 | D:8      | Killed Maurice
  8303 | D:8      | Received a gift from Yredelemnul (a wight)
  8346 | D:8      | Noticed Gastronok
  8358 | D:8      | Killed Gastronok
  8358 | D:8      | Reached skill level 10 in Fighting
  8358 | D:8      | Reached XP level 10. HP: 85/85 MP: 14/16
  8715 | D:8      | Noticed a three-headed hydra
  8723 | D:8      | Killed a three-headed hydra
  8868 | D:8      | Reached **** piety under Yredelemnul
  9047 | D:8      | Found a deep blue altar of Sif Muna.
  9255 | D:9      | Noticed a two-headed ogre
  9258 | D:9      | Killed a two-headed ogre
  9291 | D:9      | Found an iron altar of Okawaru.
  9634 | D:9      | Found Assaas's Book Emporium.
  9824 | D:9      | Received a gift from Yredelemnul (a mummy)
  9882 | D:9      | Reached skill level 11 in Fighting
 10097 | D:9      | Found a staircase to the Lair.
 10261 | D:10     | Entered Level 10 of the Dungeon
 10261 | D:10     | Noticed a two-headed ogre
 10267 | D:10     | Killed a two-headed ogre
 10446 | D:10     | Received a gift from Yredelemnul (a wraith)
 10568 | D:10     | Gained mutation: When low on magic, you restore magic in place of health. [demonic ancestry]
 10568 | D:10     | Reached XP level 11. HP: 93/93 MP: 18/18
 11098 | D:10     | Noticed a fire giant
 11114 | D:10     | Killed a fire giant
 11114 | D:10     | Reached skill level 10 in Invocations
 11208 | D:10     | Found the +7 great mace "Firestarter" {inner flame, rF++}
 11411 | D:11     | Noticed a two-headed ogre
 11419 | D:11     | Killed a two-headed ogre
 11478 | D:11     | Received a gift from Yredelemnul (2 flying skulls)
 11575 | D:11     | Found Guwnetei's General Store.
 11584 | D:11     | Bought a potion of brilliance for 44 gold pieces
 11584 | D:11     | Bought a potion of heal wounds for 55 gold pieces
 11584 | D:11     | Bought a +1 pair of boots for 126 gold pieces
 11584 | D:11     | Bought a scroll of teleportation for 33 gold pieces
 11707 | D:11     | Reached skill level 12 in Fighting
 11708 | D:11     | Received a gift from Yredelemnul (5 flying skulls)
 11713 | D:11     | Noticed a death knight
 11723 | D:11     | Killed a death knight
 11769 | D:11     | Noticed a two-headed ogre
 11775 | D:11     | Killed a two-headed ogre
 11822 | D:11     | Noticed an orc knight
 11834 | D:11     | Killed an orc knight
 12315 | D:11     | Found a staircase to the Orcish Mines.
 12550 | D:12     | Reached ***** piety under Yredelemnul
 12551 | D:12     | Noticed a two-headed ogre
 12559 | D:12     | Killed a two-headed ogre
 12560 | D:12     | Received a gift from Yredelemnul (a vampire)
 12565 | D:12     | Noticed a purple ugly thing
 12566 | D:12     | Reached XP level 12. HP: 103/103 MP: 18/20
 12842 | D:12     | Received a gift from Yredelemnul (a phantasmal warrior)
 13331 | D:12     | Noticed a seven-headed hydra
 13337 | D:12     | Killed a nine-headed hydra
 13425 | D:12     | Reached skill level 13 in Fighting
 13523 | D:13     | Noticed a two-headed ogre
 13524 | D:13     | Noticed a two-headed ogre
 13532 | D:13     | Noticed a centaur warrior
 13535 | D:13     | Received a gift from Yredelemnul (3 flying skulls)
 13539 | D:13     | Noticed an ogre mage
 13542 | D:13     | Killed a two-headed ogre
 13546 | D:13     | Killed a two-headed ogre
 13554 | D:13     | Killed a centaur warrior
 13557 | D:13     | Killed an ogre mage
 13619 | D:13     | Found a gate to the Vaults.
 13822 | D:13     | Noticed a two-headed ogre
 13825 | D:13     | Killed a two-headed ogre
 14432 | D:14     | Noticed a fire dragon
 14432 | D:14     | Noticed a tengu warrior
 14433 | D:14     | Noticed an ogre mage
 14434 | D:14     | Noticed an ice dragon
 14583 | D:14     | Noticed a centaur warrior
 14593 | D:14     | Killed a centaur warrior
 14673 | D:14     | Noticed a centaur warrior
 14707 | D:14     | Noticed Roxanne
 14819 | D:14     | Killed Roxanne
 14819 | D:14     | Reached skill level 14 in Fighting
 14819 | D:14     | Gained mutation: You have a pair of antennae on your head. [demonic ancestry]
 14819 | D:14     | Reached XP level 13. HP: 54/113 MP: 13/22
 14821 | D:14     | Identified Roxanne's Grimoire of the Mountains (You took it off Roxanne on level 14 of the Dungeon)
 14975 | D:14     | Received a gift from Yredelemnul (a skeletal warrior)
 15020 | D:14     | Received a gift from Yredelemnul (a skeletal warrior)
 15309 | D:14     | Found a shattered altar of Ashenzari.
 15592 | D:15     | Entered Level 15 of the Dungeon
 15741 | D:15     | Reached skill level 10 in Armour
 15818 | D:15     | Received a gift from Yredelemnul (a phantasmal warrior)
 15826 | D:15     | Reached skill level 1 in Dodging
 15959 | D:15     | Cast into level 1 of the Abyss (orc priest)
 16002 | Abyss:1  | Slain by a sixfirhy

Skill      XL: |  1  2  3  4  5  6  7  8  9 10 11 12 13 |
---------------+----------------------------------------+-----
Polearms       | 2 3 4 5 6 7 8 9 |  9.8
Armour         | 3 4 5 6 7 8 9 10 | 10.0
Fighting       | 4 5 6 8 10 11 12 14 | 14.5
Invocations    | 1 2 3 4 6 8 9 11 12 13 | 13.0
Dodging        | 1 |  1.3
Shields        | |  2.6

Action                   |  1- 3 |  4- 6 |  7- 9 | 10-12 | 13-15 || total
-------------------------+-------+-------+-------+-------+-------++-------
Melee: Trident           |   103 |   109 |   278 |    67 |       ||   557
       Halberd           |       |       |       |   460 |    63 ||   523
Throw: Stone             |       |       |    13 |    18 |     2 ||    33
Invok: Animate Remains   |       |     1 |     3 |       |       ||     4
       Recall Undead Sla |       |       |     3 |     2 |     1 ||     6
       Animate Dead      |       |       |     4 |    14 |     4 ||    22
Evoke: Wand              |       |       |    14 |     1 |       ||    15
  Use: Scroll            |     4 |       |     1 |    13 |     6 ||    24
       Potion            |       |     3 |       |     2 |     4 ||     9
 Stab: Distracted        |       |       |     1 |     1 |       ||     2
       Paralysed         |       |       |     4 |       |       ||     4
  Eat: Chunk             |     3 |     4 |    12 |    23 |     1 ||    43
       Ration            |       |     1 |     1 |     1 |     1 ||     4
Armor: Scale mail        |    29 |       |       |       |       ||    29
       Plate armour      |    16 |    65 |   168 |   301 |    55 ||   605
       Skin              |       |     1 |       |       |       ||     1
Dodge: Dodged            |    36 |    20 |    45 |   144 |    18 ||   263
